SL
DETROIT RENAISSANCE @ PHILADELPHIA 1776 BC
05/16/2025
 
TOP OF THE 1ST
Detroit Renaissance batting - Pitching for Philadelphia 1776 BC : LHP Carlos Sánchez
Pitching: LHP Carlos Sánchez
Batting: RHB Kyle Bywaters 0-0: DOUBLE (Flyball, 89XD)
Batting: RHB Bernardo Herrera 0-0: Ball
1-0: Ball
2-0: Fly out, F8 (Flyball, 8RM)
Batting: LHB Mike Silver 0-0: Foul Ball, location: 2F
0-1: Ground out 4-3 (Groundball, 4)
Kyle Bywaters to third
Batting: LHB Juan González 0-0: Called Strike
0-1: Foul Ball, location: 2F
0-2: Ground out 4-3 (Groundball, 4S)
Top of the 1st over - 0 run(s), 1 hit(s), 0 error(s), 1 left on base; Detroit 0 - Philadelphia 1776 0
BOTTOM OF THE 1ST
Philadelphia 1776 BC batting - Pitching for Detroit Renaissance : RHP Alejandro Arteaga
Pitching: RHP Alejandro Arteaga
Batting: RHB Jesús Orozco 0-0: Called Strike
0-1: Ball
1-1: Foul Ball, location: 2F
1-2: Fly out, F7 (Flyball, 78D)
Batting: LHB Cliff Aldridge 0-0: Foul Ball, location: 2F
0-1: Ball
1-1: Called Strike
1-2: Ball
2-2: Strikes out swinging, 2-3 out at first.
Batting: LHB Héctor Torres 0-0: Fly out, F9 (Flyball, 9)
Bottom of the 1st over - 0 run(s), 0 hit(s), 0 error(s), 0 left on base; Detroit 0 - Philadelphia 1776 0
TOP OF THE 2ND
Detroit Renaissance batting - Pitching for Philadelphia 1776 BC : LHP Carlos Sánchez
Batting: RHB Lonnie Conrad 0-0: Ball
1-0: Fly out, F9 (Flyball, 9LS)
Batting: RHB Ron Ward 0-0: Called Strike
0-1: Foul Ball, location: 2F
0-2: Ball
1-2: Foul Ball, location: 2F
1-2: Ball
2-2: Ground out 4-3 (Groundball, 4M)
Batting: LHB Andrés Chávez 0-0: Ball
1-0: Called Strike
1-1: Foul Ball, location: 2F
1-2: Ball
2-2: SINGLE (Line Drive, 4)
Batting: RHB Chandler Bailey 0-0: Ball
1-0: Ball
2-0: Called Strike
2-1: Ball
3-1: Fielders Choice at 2nd, 4-6 (Groundball, 4)
Top of the 2nd over - 0 run(s), 1 hit(s), 0 error(s), 0 left on base; Detroit 0 - Philadelphia 1776 0
BOTTOM OF THE 2ND
Philadelphia 1776 BC batting - Pitching for Detroit Renaissance : RHP Alejandro Arteaga
Batting: RHB Jesús Rodríguez 0-0: Ball
1-0: Called Strike
1-1: Called Strike
1-2: Foul Ball, location: 2F
1-2: Strikes out looking
Batting: RHB Patrizio Vanali 0-0: Ball
1-0: Called Strike
1-1: Ball
2-1: Swinging Strike
2-2: Ball
3-2: Fly out, F8 (Flyball, 8RM)
Batting: SHB Jesús Cabańe 0-0: Ball
1-0: Foul Ball, location: 2F
1-1: Ground out 3-1 (Groundball, 34)
Bottom of the 2nd over - 0 run(s), 0 hit(s), 0 error(s), 0 left on base; Detroit 0 - Philadelphia 1776 0
TOP OF THE 3RD
Detroit Renaissance batting - Pitching for Philadelphia 1776 BC : LHP Carlos Sánchez
Batting: RHB Eric D'Angle 0-0: Fly out, F8 (Line Drive, 78M)
Batting: RHB Kyle Bywaters 0-0: Ground out 6-3 (Groundball, 6)
Batting: RHB Bernardo Herrera 0-0: Called Strike
0-1: Foul Ball, location: 2F
0-2: Ground out 4-3 (Groundball, 4)
Top of the 3rd over - 0 run(s), 0 hit(s), 0 error(s), 0 left on base; Detroit 0 - Philadelphia 1776 0
BOTTOM OF THE 3RD
Philadelphia 1776 BC batting - Pitching for Detroit Renaissance : RHP Alejandro Arteaga
Batting: RHB Greg Robinson 0-0: Ground out 6-3 (Groundball, 6)
Batting: RHB Russell Jackson 0-0: Called Strike
0-1: Foul Ball, location: 2F
0-2: Ball
1-2: Strikes out swinging
Batting: RHB Dave Morris 0-0: Ground out 6-3 (Groundball, 56)
Bottom of the 3rd over - 0 run(s), 0 hit(s), 0 error(s), 0 left on base; Detroit 0 - Philadelphia 1776 0
TOP OF THE 4TH
Detroit Renaissance batting - Pitching for Philadelphia 1776 BC : LHP Carlos Sánchez
Batting: LHB Mike Silver 0-0: Ball
1-0: Ball
2-0: Ball
3-0: Swinging Strike
3-1: Base on Balls
Batting: LHB Juan González 0-0: Called Strike
0-1: Foul Ball, location: 2F
0-2: Ball
1-2: Strikes out swinging
Batting: RHB Lonnie Conrad 0-0: Ball
1-0: Swinging Strike
1-1: Grounds into double play, 6-4-3 (Groundball, 6)
Top of the 4th over - 0 run(s), 0 hit(s), 0 error(s), 0 left on base; Detroit 0 - Philadelphia 1776 0
BOTTOM OF THE 4TH
Philadelphia 1776 BC batting - Pitching for Detroit Renaissance : RHP Alejandro Arteaga
Batting: RHB Jesús Orozco 0-0: Ball
1-0: Called Strike
1-1: Foul Ball, location: 2F
1-2: Ball
2-2: Ground out 5-3 (Groundball, 56S)
Batting: LHB Cliff Aldridge 0-0: Ball
1-0: Ball
2-0: Ball
3-0: Base on Balls
Batting: LHB Héctor Torres 0-0: Ball
1-0: Fly out, F8 (Flyball, 8LS)
Batting: RHB Jesús Rodríguez 0-0: Ball
1-0: Ball
2-0: Ball
3-0: Called Strike
3-1: Base on Balls
Cliff Aldridge to second
Batting: RHB Patrizio Vanali 0-0: Foul Ball, location: 2F
0-1: Called Strike
0-2: Ball
1-2: Strikes out swinging
Bottom of the 4th over - 0 run(s), 0 hit(s), 0 error(s), 2 left on base; Detroit 0 - Philadelphia 1776 0
TOP OF THE 5TH
Detroit Renaissance batting - Pitching for Philadelphia 1776 BC : LHP Carlos Sánchez
Batting: RHB Ron Ward 0-0: Ball
1-0: Called Strike
1-1: Ground out 5-3 (Groundball, 56)
Batting: LHB Andrés Chávez 0-0: Called Strike
0-1: Called Strike
0-2: Ball
1-2: Ball
2-2: Ground out U3 (Groundball, 3)
Batting: RHB Chandler Bailey 0-0: Fly out, F4 (Flyball, 4D)
Top of the 5th over - 0 run(s), 0 hit(s), 0 error(s), 0 left on base; Detroit 0 - Philadelphia 1776 0
BOTTOM OF THE 5TH
Philadelphia 1776 BC batting - Pitching for Detroit Renaissance : RHP Alejandro Arteaga
Batting: SHB Jesús Cabańe 0-0: Ball
1-0: Called Strike
1-1: Called Strike
1-2: Ball
2-2: Ball
3-2: Foul Ball, location: 2F
3-2: Foul Ball, location: 2F
3-2: Base on Balls
Batting: RHB Greg Robinson 0-0: Ball
Jesús Cabańe steals 2nd base
1-0: Ball
2-0: Foul Ball, location: 2F
2-1: Foul Ball, location: 2F
2-2: Strikes out looking
Batting: RHB Russell Jackson 0-0: Ball
Wild Pitch!
Jesús Cabańe to third
1-0: Ball
2-0: Called Strike
2-1: Fly out, F8 (Flyball, 8LM)
Runner from 3rd tags up, SCORES, no throw
Batting: RHB Dave Morris 0-0: Ball
1-0: Ball
2-0: Ball
3-0: Called Strike
3-1: Called Strike
3-2: SOLO HOME RUN (Flyball, 7D), Distance : 381 ft
Batting: RHB Jesús Orozco 0-0: Called Strike
0-1: Ball
1-1: Swinging Strike
1-2: Ball
2-2: Ball
3-2: SINGLE (Flyball, 78M)
Batting: LHB Cliff Aldridge 0-0: Fly out, F4 (Line Drive, 4)
Bottom of the 5th over - 2 run(s), 2 hit(s), 0 error(s), 1 left on base; Detroit 0 - Philadelphia 1776 2
TOP OF THE 6TH
Detroit Renaissance batting - Pitching for Philadelphia 1776 BC : LHP Carlos Sánchez
Batting: RHB Eric D'Angle 0-0: Foul Ball, location: 2F
0-1: Foul Ball, location: 2F
0-2: Strikes out swinging
Batting: RHB Kyle Bywaters 0-0: Ball
1-0: Fly out, F8 (Flyball, 8RS)
Batting: RHB Bernardo Herrera 0-0: Ball
1-0: Foul Ball, location: 2F
1-1: Foul Ball, location: 2F
1-2: Ball
2-2: Ball
3-2: SINGLE (Line Drive, 7S)
Batting: LHB Mike Silver 0-0: Called Strike
0-1: Ball
1-1: Ball
2-1: Called Strike
2-2: Ball
3-2: Ground out U3 (Groundball, 3)
Top of the 6th over - 0 run(s), 1 hit(s), 0 error(s), 1 left on base; Detroit 0 - Philadelphia 1776 2
BOTTOM OF THE 6TH
Philadelphia 1776 BC batting - Pitching for Detroit Renaissance : RHP Alejandro Arteaga
Batting: LHB Héctor Torres 0-0: SINGLE (Groundball, 34D)
Batting: RHB Jesús Rodríguez 0-0: Called Strike
0-1: Called Strike
0-2: Ball
1-2: Grounds into double play, 5-4-3 (Groundball, 5)
Batting: RHB Patrizio Vanali 0-0: Ball
1-0: Ground out 4-3 (Groundball, 4M)
Bottom of the 6th over - 0 run(s), 1 hit(s), 0 error(s), 0 left on base; Detroit 0 - Philadelphia 1776 2
TOP OF THE 7TH
Detroit Renaissance batting - Pitching for Philadelphia 1776 BC : LHP Carlos Sánchez
Batting: LHB Juan González 0-0: Ball
1-0: Foul Ball, location: 2F
1-1: Swinging Strike
1-2: Ball
2-2: Foul Ball, location: 2F
2-2: Foul Ball, location: 2F
2-2: Ball
3-2: Foul Ball, location: 2F
3-2: SINGLE (Line Drive, 34)
Batting: RHB Lonnie Conrad 0-0: Called Strike
0-1: Foul Ball, location: 2F
0-2: Ball
1-2: Grounds into double play, 6-4-3 (Groundball, 6)
Batting: RHB Ron Ward 0-0: Ball
1-0: Ball
2-0: Ball
3-0: Base on Balls
Batting: LHB Andrés Chávez 0-0: Called Strike
0-1: Ground out U3 (Groundball, 3)
Top of the 7th over - 0 run(s), 1 hit(s), 0 error(s), 1 left on base; Detroit 0 - Philadelphia 1776 2
BOTTOM OF THE 7TH
Philadelphia 1776 BC batting - Pitching for Detroit Renaissance : RHP Alejandro Arteaga
Batting: SHB Jesús Cabańe 0-0: TRIPLE (Line Drive, 89D)
Batting: RHB Greg Robinson 0-0: Called Strike
0-1: Ball
1-1: Called Strike
1-2: Fly out, F9 (Flyball, 9LM)
Runner from 3rd tags up, SCORES, no throw
Batting: RHB Russell Jackson 0-0: Ball
1-0: Ball
2-0: Foul Ball, location: 2F
2-1: Foul Ball, location: 2F
2-2: Strikes out looking
Batting: RHB Dave Morris 0-0: SINGLE (Line Drive, 8RS)
Batting: RHB Jesús Orozco 0-0: Ball
1-0: Ball
2-0: Ball
3-0: Called Strike
3-1: Foul Ball, location: 2F
3-2: Ground out U3 (Groundball, 34)
Bottom of the 7th over - 1 run(s), 2 hit(s), 0 error(s), 1 left on base; Detroit 0 - Philadelphia 1776 3
TOP OF THE 8TH
Detroit Renaissance batting - Pitching for Philadelphia 1776 BC : LHP Carlos Sánchez
Batting: RHB Chandler Bailey 0-0: Ball
1-0: Foul Ball, location: 2F
1-1: Fly out, F8 (Line Drive, 8RS)
Batting: RHB Eric D'Angle 0-0: Called Strike
0-1: Ground out 6-3 (Groundball, 56)
Batting: RHB Kyle Bywaters 0-0: Called Strike
0-1: Ball
1-1: SINGLE (Groundball, 56D)
Batting: RHB Bernardo Herrera 0-0: Ball
1-0: Ball
2-0: Fly out, F8 (Flyball, 89M)
Top of the 8th over - 0 run(s), 1 hit(s), 0 error(s), 1 left on base; Detroit 0 - Philadelphia 1776 3
BOTTOM OF THE 8TH
Philadelphia 1776 BC batting - Pitching for Detroit Renaissance : RHP Alejandro Arteaga
Batting: LHB Cliff Aldridge 0-0: Foul Ball, location: 2F
0-1: Ball
1-1: Foul Ball, location: 2F
1-2: Foul Ball, location: 2F
1-2: Strikes out looking
Batting: LHB Héctor Torres 0-0: Ball
1-0: Ground out 4-3 (Groundball, 4)
Batting: RHB Jesús Rodríguez 0-0: Ball
1-0: Ball
2-0: Ball
3-0: Base on Balls
Pitching: LHP Hwen-thiang Qin
Batting: RHB Patrizio Vanali 0-0: Ball
1-0: Called Strike
1-1: Ground out 5-3 (Groundball, 56S)
Bottom of the 8th over - 0 run(s), 0 hit(s), 0 error(s), 1 left on base; Detroit 0 - Philadelphia 1776 3
TOP OF THE 9TH
Detroit Renaissance batting - Pitching for Philadelphia 1776 BC : LHP Carlos Sánchez
Batting: LHB Mike Silver 0-0: Called Strike
0-1: Ground out 4-3 (Groundball, 34)
Batting: LHB Juan González 0-0: Called Strike
0-1: Ball
1-1: Swinging Strike
1-2: Ball
2-2: Foul Ball, location: 2F
2-2: Foul Ball, location: 2F
2-2: Foul Ball, location: 2F
2-2: Strikes out looking
Batting: RHB Lonnie Conrad 0-0: Ball
1-0: Foul Ball, location: 2F
1-1: Called Strike
1-2: Hit by Pitch
Pitching: LHP José Sandoval
Batting: RHB Ron Ward 0-0: Ball
1-0: Called Strike
1-1: Foul Ball, location: 2F
1-2: Ball
2-2: Ball
3-2: Foul Ball, location: 2F
3-2: Strikes out looking
Top of the 9th over - 0 run(s), 0 hit(s), 0 error(s), 1 left on base; Detroit 0 - Philadelphia 1776 3
Friday, December 30th, 2016 - OOTP Baseball 17.12 Build 75